AoeStats
← Ed

Lombardia

507844571Analyzed
4v4 RM · 13d ago on Sep 19, 2026· 40m 35s· 8 players
Game mode
Random Map
Map size
Large (8 player)
Population
200
Speed
Normal
Resources
Standard
Victory
Conquest
Starting age
Dark Age
Ending age
Imperial Age
RankedLock teamsTeams togetherTeam positionsShared explorationLock speedFull tech treeHidden civsTurbo modeCheats
Victory
Defeat
🇰🇿 Tatars · Kazakhstan
1720
+10
🇺🇾 Italians · Uruguay
1549
+17
🇨🇱 Burmese · Chile
1492
+19
🇮🇹 Britons · Italy
1465
+22
🇯🇴 Malians · Jordan
1642
-20
🇬🇹 Portuguese · Guatemala
1597
-18
🇹🇷 Byzantines · Türkiye
1554
-16
🇺🇸 Bulgarians · United States
1509
-14
El Senador
8:08 Loom
10:09 Feudal Age
10:43 Double-Bit Axe
14:41 Gold Mining
17:50 Castle Age
18:15 Horse Collar
18:51 Bow Saw
19:19 Wheelbarrow
19:44 Gold Shaft Mining
19:12 Husbandry
19:23 Scale Barding Armor
20:39 Heavy Plow
25:06 Chain Barding Armor
24:57 Forging
24:37 Light Cavalry
26:49 Hand Cart
27:24 Bloodlines
28:37 Iron Casting
31:55 Caravan
34:54 Imperial Age
35:05 Cavalier
36:11 Conscription
36:29 Plate Barding Armor
36:57 Light Cavalry
39:47 Stirrups
39:19 Pikeman
39:59 Squires
39:59 Halberdier
CAPTAINKILL
6:26 Loom
9:08 Feudal Age
9:44 Double-Bit Axe
10:03 Horse Collar
12:41 Forging
15:22 Wheelbarrow
19:51 Castle Age
18:07 Horse Collar
18:37 Gold Mining
19:37 Scale Barding Armor
21:00 Bow Saw
28:18 Gold Shaft Mining
32:51 Imperial Age
30:41 Scale Mail Armor
31:16 Iron Casting
30:47 Tigui
30:37 Town Watch
31:39 Man-at-Arms
32:14 Treadmill Crane
32:45 Masonry
32:58 Ballistics
32:30 Long Swordsman
33:11 Squires
32:56 Arson
33:27 Chain Mail Armor
33:47 Iron Casting
33:08 Two-Handed Swordsman
34:31 Hand Cart
34:24 Champion
36:32 Conscription
36:54 Plate Mail Armor
37:11 Iron Casting
36:52 Pikeman
39:54 Bloodlines
39:45 Husbandry
40:25 Fortified Wall
41:16 Chemistry
40:33 Fletching
Ed
5:26 Loom
9:32 Feudal Age
10:15 Double-Bit Axe
10:50 Horse Collar
19:15 Castle Age
17:58 Gold Mining
18:11 Fletching
18:59 Bloodlines
19:58 Bodkin Arrow
20:43 Padded Archer Armor
21:11 Bow Saw
23:33 Padded Archer Armor
27:57 Leather Archer Armor
28:14 Town Watch
29:24 Wheelbarrow
32:58 Hand Cart
35:31 Imperial Age
34:36 Heavy Plow
35:23 Stone Mining
37:22 Chemistry
36:44 Conscription
36:31 Arquebus
36:09 Light Cavalry
36:49 Husbandry
37:21 Ring Archer Armor
37:37 Scale Barding Armor
38:38 Chain Barding Armor
39:28 Two-Man Saw
39:59 Plate Barding Armor
40:07 Elite Skirmisher
40:52 Thumb Ring
40:49 Bracer
W
6:38 Loom
11:11 Feudal Age
16:16 Castle Age
15:01 Double-Bit Axe
17:58 Wheelbarrow
17:33 Bow Saw
21:12 Gold Mining
21:21 Stone Mining
24:10 Hand Cart
30:54 Imperial Age
28:15 Fletching
28:26 Padded Archer Armor
29:03 Bodkin Arrow
29:43 Caravan
30:40 Leather Archer Armor
30:24 Horse Collar
31:52 Bracer
32:26 Scale Mail Armor
32:56 Ring Archer Armor
32:29 Scale Mail Armor
32:28 Elite Skirmisher
33:14 Thumb Ring
33:55 Chain Mail Armor
33:50 Forging
33:01 Pikeman
33:41 Squires
33:26 Arson
34:47 Two-Man Saw
33:48 Heavy Plow
35:39 Plate Mail Armor
34:56 Gambesons
34:33 Halberdier
35:29 Scale Barding Armor
35:46 Conscription
35:31 Husbandry
36:22 Chain Barding Armor
36:39 Iron Casting
36:01 Guard Tower
35:56 Arrowslits
37:12 Chemistry
36:32 Ballistics
36:12 Arrowslits
37:28 Plate Barding Armor
38:25 Logistica
37:36 Elite Cataphract
37:45 Elite Cataphract
39:12 Heavy Camel Rider
GdR_Charizard
9:30 Loom
11:16 Feudal Age
15:35 Castle Age
14:15 Fletching
14:53 Double-Bit Axe
14:54 Horse Collar
17:29 Bow Saw
19:37 Gold Mining
19:53 Bodkin Arrow
26:38 Wheelbarrow
28:09 Gold Shaft Mining
28:58 Hand Cart
29:59 Ballistics
30:04 Heavy Plow
30:56 Padded Archer Armor
34:24 Imperial Age
33:33 Masonry
33:32 Caravan
34:45 Treadmill Crane
35:15 Fortified Wall
36:09 Chemistry
35:20 Fortified Wall
36:10 Conscription
36:12 Bracer
38:11 Yeomen
38:38 Architecture
39:21 Two-Man Saw
39:47 Leather Archer Armor
38:55 Elite Longbowman
41:41 Ring Archer Armor
[CL] ElPali
3:18 Loom
11:09 Feudal Age
15:58 Castle Age
14:28 Stone Mining
18:43 Town Watch
21:34 Wheelbarrow
24:22 Gold Mining
24:14 Horse Collar
25:20 Heavy Plow
33:14 Imperial Age
32:01 Scale Barding Armor
32:06 Forging
33:13 Husbandry
33:24 Bloodlines
33:21 Manipur Cavalry
33:46 Chain Barding Armor
33:48 Hand Cart
33:44 Elite Battle Elephant
34:51 Conscription
36:11 Gold Shaft Mining
36:16 Plate Barding Armor
36:17 Iron Casting
36:43 Howdah
37:10 Town Patrol
38:35 Caravan
39:41 Blast Furnace
SHell | Denchik_Ne_Lohx
10:56 Feudal Age
10:31 Loom
15:02 Castle Age
13:16 Double-Bit Axe
13:45 Horse Collar
14:25 Fletching
15:48 Bodkin Arrow
17:45 Town Watch
24:14 Bow Saw
25:22 Wheelbarrow
25:25 Husbandry
25:50 Heavy Plow
26:56 Hand Cart
28:06 Bloodlines
28:06 Stone Mining
28:07 Gold Mining
29:30 Padded Archer Armor
29:57 Ballistics
31:07 Gold Shaft Mining
33:53 Imperial Age
32:08 Leather Archer Armor
34:28 Caravan
34:48 Bracer
35:54 Chemistry
34:36 Heavy Cavalry Archer
35:59 Ring Archer Armor
37:04 Guilds
38:02 Scale Mail Armor
38:12 Forging
39:28 Conscription
39:17 Silk Armor
38:46 Capped Ram
40:15 Masonry
39:46 Treadmill Crane
40:22 Siege Ram
Santiago2
10:28 Feudal Age
11:57 Loom
12:07 Loom
15:22 Castle Age
13:32 Double-Bit Axe
13:28 Horse Collar
16:15 Bow Saw
22:51 Wheelbarrow
26:43 Hand Cart
29:00 Imperial Age
27:08 Scale Mail Armor
27:45 Squires
27:57 Forging
27:51 Heavy Plow
27:53 Arson
28:16 Pikeman
29:21 Chain Mail Armor
31:18 Plate Mail Armor
31:25 Iron Casting
32:40 Conscription
33:34 Silk Road
34:49 Blast Furnace
36:53 Two-Man Saw
35:48 Gold Mining
36:04 Fletching
39:58 Caravan
39:58 Elite Skirmisher
40:40 Bodkin Arrow
40:18 Capped Ram
40:54 Town Watch
41:12 Padded Archer Armor
Connection lost

Rejoining the realm…

Still unreachable

The connection could not be restored.

Session expired

The server has moved on; the page needs a fresh start.